Workbook

Sheet July'23
A1: S.no | B1: Date | C1: Particulars | D1: Approved By | E1: Total Spent | F1: Balance Left | G1: =5000 -> 5000
A2: Petty Cash Statement
A3: 1 | B3: 45114 | C3: DLF Clients Lunch | D3: Dinesh Bisht | E3: 764.82 | F3: =G1-E3 -> 4235.18
A4: 2 | B4: 45124 | C4: Travel Vouchers - Om Prakash (DLF Primus) | D4: Chandra Mohan | E4: 910 | F4: =F3-E4 -> 3325.18
A5: 3 | B5: 45124 | C5: Travel Vouchers - Om Prakash (DLF Primus) | D5: Chandra Mohan | E5: 540 | F5: =F4-E5 -> 2785.18
A6: 4 | B6: 45131 | C6: Office Items Purchases | D6: Dinesh Bisht | E6: 2502 | F6: =F5-E6 -> 283.18
A7: 5 | B7: 45135 | C7: Office Items Purchases | D7: Dinesh Bisht | E7: 1618 | F7: =F6-E7 -> -1334.82
C9: Total
C10: Balance Left | F10: =F7 -> -1334.82 | H10: CLOSED
H11: PAID 6334.82

Sheet August'23
G1: Previous Balance
A2: S.no | B2: Date | C2: Particulars | D2: Approved By | E2: Total Spent | F2: Balance Left | G2: 0
A3: Petty Cash Statement
A4: 1 | B4: 45145 | C4: Office Items Purchases | D4: Dinesh Bisht | E4: 1014 | F4: =G2-E4 -> -1014
A5: 2 | B5: 45151 | C5: Duplicate Key Maker Charges (2 Keys) | D5: Chandra Mohan | E5: 500 | F5: =G3-E5 -> -500
A6: 3 | B6: 45154 | C6: Office Items Purchases | D6: Dinesh Bisht | E6: 1847 | F6: -1847
A7: 4 | B7: 45166 | C7: Office Items Purchases | D7: Dinesh Bisht | E7: 1369 | F7: -1369
A8: 5
C10: Total | E10: =SUM(E4:E9) -> 4730 | F10: =SUM(F4:F9) -> -4730
C11: Balance Left Settled with Previous Balance | F11: =G2-(-F10) -> -4730

Sheet September'23
G1: Previous Balance
A2: S.no | B2: Date | C2: Particulars | D2: Approved By | E2: Total Spent | F2: Balance Left | G2: -4730
A3: Petty Cash Statement
A4: 1 | B4: 13/09/2023 | C4: Office Items Purchases | D4: Dinesh Bisht | E4: 3263 | F4: =G2-E4 -> -7993
A5: 2 | B5: 13/09/2023 | C5: Tank Cleaning | D5: Dinesh Bisht | E5: 800 | F5: =F1-E5 -> -800
A6: 3
A7: 4
A8: 5
H9: =E4+'August''23'!E4+'August''23'!E6+'August''23'!E7 -> 7493
C10: Total | E10: =SUM(E4:E9) -> 4063 | F10: =SUM(F4:F9) -> -8793
C11: Balance Left Settled with Previous Balance | F11: =F10 -> -8793

Sheet Oct-Dec'23
G1: Previous Balance
A2: S.no | B2: Date | C2: Particulars | D2: Approved By | E2: Total Spent | F2: Balance Left | G2: 0
A3: Petty Cash Statement
A4: 1 | B4: 45203 | C4: Office Items Purchases | D4: Dinesh Bisht | E4: 4016 | F4: =G2-E4 -> -4016 | G4: Already Paid
A5: 2 | B5: 45216 | C5: Office Items Purchases | D5: Dinesh Bisht | E5: 675 | F5: =G3-E5 -> -675 | G5: Already Paid
A6: 3 | B6: 45232 | C6: Office Items Purchases | D6: Dinesh Bisht | E6: 2318 | F6: =G3-E6 -> -2318 | G6: Already Paid
A7: 4 | B7: 45239 | C7: Office Items Purchases | D7: Dinesh Bisht | E7: 487 | F7: =G3-E7 -> -487 | G7: Already Paid
A8: 5 | B8: 45245 | C8: Office Items Purchases | D8: Dinesh Bisht | E8: 1700 | F8: =G3-E8 -> -1700 | G8: Already Paid
A9: 6 | B9: 45264 | C9: Office Items Purchases | D9: Dinesh Bisht | E9: 1756 | F9: =G3-E9 -> -1756 | G9: Already Paid
A10: 7 | B10: 45272 | C10: Office Items Purchases | D10: Dinesh Bisht | E10: 2955 | F10: =G3-E10 -> -2955 | G10: Already Paid
A11: 8 | B11: 45274 | C11: Access Payment of Imprest | D11: Yogesh | E11: -2187
C12: Total | E12: =SUM(E4:E11) -> 11720 | F12: =E12+SUM(F4:F10) -> -2187
C13: Balance Left Settled with Previous Balance | F13: =G2-(-F12) -> -2187

Sheet Jan'24
G1: Imprest Balance
A2: S.no | B2: Date | C2: Particulars | D2: Approved By | E2: Total Spent | F2: Status | G2: =5000-E17+2284+1300+1790+2978+3829+1716 -> 5000
A3: Petty Cash Statement
A4: 1 | B4: 45294 | C4: Office Items Purchases | D4: Dinesh Bisht | E4: 2284 | F4: PAID
A5: 2 | B5: 45295 | C5: Voucher-Akash Malhotra-18/12/23 | D5: Dinesh Bisht | E5: 330 | F5: PAID
A6: 3 | B6: 45295 | C6: Voucher-Chandra Mohan-15/12/23 | D6: Dinesh Bisht | E6: 290 | F6: PAID
A7: 4 | B7: 45295 | C7: Voucher-Om Prakash-04/01/24 | D7: Dinesh Bisht | E7: 680 | F7: PAID
A8: 5 | B8: 45300 | C8: Office Items Purchases | D8: Dinesh Bisht | E8: 1790 | F8: PAID
A9: 6 | B9: 45308 | C9: Office Items Purchases | D9: Dinesh Bisht | E9: 844 | F9: PAID
A10: 7 | B10: 45308 | C10: Office Items Purchases | D10: Dinesh Bisht | E10: 247 | F10: PAID
A11: 8 | B11: 45309 | C11: Client Lunch - Foodlinks (Akash Malhotra) | D11: Dinesh Bisht | E11: 1887 | F11: PAID
A12: 9 | B12: 45314 | C12: Voucher-Akash Malhotra-20-21/01/24 | D12: Dinesh Bisht | E12: 1180 | F12: PAID
A13: 10 | B13: 45314 | C13: Voucher-Akash Malhotra-22/01/24 | D13: Dinesh Bisht | E13: 280 | F13: PAID
A14: 11 | B14: 45314 | C14: Voucher-Dinesh Bisht-11/01/2024 | D14: Dinesh Bisht | E14: 420 | F14: PAID
A15: 12 | B15: 45316 | C15: Team Lunch (On celebration of 26/01/24) | D15: Dinesh Bisht | E15: 1949 | F15: PAID
A16: 13 | B16: 45321 | C16: Office Items Purchases | D16: Dinesh Bisht | E16: 1716 | F16: PAID
C17: Total | E17: =SUM(E4:E16) -> 13897
C18: Balance Left Settled with Previous Balance

Sheet Feb'24
G1: Imprest Balance
A2: S.no | B2: Date | C2: Particulars | D2: Approved By | E2: Total Spent | F2: Status | G2: =5000-E16+4565 -> 4400
A3: Petty Cash Statement
A4: 1 | B4: 45328 | C4: Office Items Purchases | D4: Dinesh Bisht | E4: 2246 | F4: PAID
A5: 2 | B5: 45342 | C5: Voucher-Akash Malhotra-14/02/24 | D5: Dinesh Bisht | E5: 780 | F5: PAID
A6: 3 | B6: 45341 | C6: Office Items Purchases | D6: Dinesh Bisht | E6: 1539 | F6: PAID
A7: 4 | B7: 45342 | C7: 3 Office Keys | D7: Dinesh Bisht | E7: 600 | F7: PAID
C16: Total | E16: =SUM(E4:E15) -> 5165
C17: Balance Left Settled with Previous Balance

Sheet March'24
G1: Imprest Balance
A2: S.no | B2: Date | C2: Particulars | D2: Approved By | E2: Total Spent | F2: Status | G2: =4400-E16+5481 -> 2528
A3: Petty Cash Statement
A4: 1 | B4: 45355 | C4: Office Items Purchases | D4: Dinesh Bisht | E4: 2904 | F4: PAID
A5: 2 | B5: 45357 | C5: Voucher-Chandra Mohan-06/03/24 | D5: Dinesh Bisht | E5: 200 | F5: PAID
A6: 3 | B6: 45365 | C6: Voucher-Vaibhav Shrivastava-14/03/24 | D6: Dinesh Bisht | E6: 271 | F6: PAID
A7: 4 | B7: 45366 | C7: Office Items Purchases | D7: Dinesh Bisht | E7: 1506 | F7: PAID
A8: 5 | B8: 45370 | C8: Office Items Purchases | D8: Dinesh Bisht | E8: 907 | F8: PAID
A9: 6 | B9: 45377 | C9: Office Items Purchases | D9: Dinesh Bisht | E9: 1565 | F9: PAID
C16: Total | E16: =SUM(E4:E15) -> 7353
C17: Balance Left Settled with Previous Balance

Sheet April'24
G1: Imprest Balance
A2: S.no | B2: Date | C2: Particulars | D2: Approved By | E2: Total Spent | F2: Status | G2: =2528-E16+6910 -> 2291
A3: Petty Cash Statement
A4: 1 | B4: 45384 | C4: Office Items Purchases | D4: Dinesh Bisht | E4: 2155 | F4: PAID
A5: 2 | B5: 45384 | C5: Office Items Purchases | D5: Dinesh Bisht | E5: 458 | F5: PAID
A6: 3 | B6: 45384 | C6: Medicine (First Aid) | D6: Dinesh Bisht | E6: 489 | F6: PAID
A7: 4 | B7: 45394 | C7: Office Items Purchases | D7: Dinesh Bisht | E7: 1336 | F7: PAID
A8: 5 | B8: 45394 | C8: Voucher-Chandra Mohan-09/04/24 & 10/04/24 | D8: Dinesh Bisht | E8: 0 | F8: PAID
A9: 6 | B9: 45394 | C9: Voucher-Dinesh Bisht-28/03/24 | D9: Dinesh Bisht | E9: 0 | F9: PAID
A10: 7 | B10: 45412 | C10: Office Items Purchases | D10: Dinesh Bisht | E10: 1909 | F10: PAID
A11: 8 | B11: 45412 | C11: Voucher-Dinesh Bisht- AC Electricity Work at 511 | D11: Dinesh Bisht | E11: 800 | F11: PAID
C16: Total | E16: =SUM(E4:E15) -> 7147
C17: Balance Left Settled with Previous Balance

Sheet May24
G1: Imprest Balance
A2: S.no | B2: Date | C2: Particulars | D2: Approved By | E2: Total Spent | F2: Status | G2: ='April''24'!G2-E16+L16 -> 1981.41 | J2: S. No. | K2: Date | L2: Imprest Recevied
A3: Petty Cash Statement | J3: 1 | K3: 45418 | L3: 2709
A4: 1 | B4: 45415 | C4: Voucher-Akash Malhotra-03/05/24 | D4: Dinesh Bisht | E4: 550 | F4: PAID | J4: 2 | K4: 45428 | L4: 6175
A5: 2 | B5: 45416 | C5: Team Lunch | D5: Dinesh Bisht | E5: 3708.59 | F5: PAID | J5: 3 | K5: 45432 | L5: 2726
A6: 3 | B6: 45420 | C6: Office Items Purchases | D6: Dinesh Bisht | E6: 1917 | F6: PAID
A7: 4 | B7: 45427 | C7: Office Items Purchases | D7: Dinesh Bisht | E7: 1325 | F7: PAID
A8: 5 | B8: 45429 | C8: Office Items Purchases | D8: Dinesh Bisht | E8: 1401 | F8: PAID
A9: 6 | B9: 45435 | C9: Office Items Purchases | D9: Dinesh Bisht | E9: 1072 | F9: PAID
A10: 7 | B10: 45442 | C10: Office Items Purchases | D10: Dinesh Bisht | E10: 1946 | F10: PAID
C16: Total | E16: =SUM(E4:E15) -> 11919.59 | K16: Total | L16: =SUM(L3:L15) -> 11610
C17: Balance Left Settled with Previous Balance
J18: Outstanding | L18: =E16-L16 -> 309.59

Sheet June24
G1: Imprest Balance
A2: S.no | B2: Date | C2: Particulars | D2: Approved By | E2: Total Spent | F2: Status | G2: ='May24'!G2-E17+L17 -> 1753.56 | J2: S. No. | K2: Date | L2: Imprest Recevied
A3: Petty Cash Statement | J3: 1 | K3: 45446 | L3: 3018
A4: 1 | B4: 45447 | C4: Office Items Purchases | D4: Dinesh Bisht | E4: 1376 | F4: PAID | J4: 2 | K4: 45467 | L4: 11780
A5: 2 | B5: 45447 | C5: Voucher-Chandra Mohan-Food Bill 04/06/24 | D5: Dinesh Bisht | E5: 1445.85 | F5: PAID | J5: 3
A6: 3 | B6: 45446 | C6: Office Items Purchases - By Om Prakash | D6: Dinesh Bisht | E6: 1380 | F6: PAID
A7: 4 | B7: 45450 | C7: Office Items Purchases | D7: Dinesh Bisht | E7: 3650 | F7: PAID
A8: 5 | B8: 45455 | C8: Client Lunch at Office - Justa Group | D8: Dinesh Bisht | E8: 1639 | F8: PAID
A9: 6 | B9: 45456 | C9: Office Items Purchases | D9: Dinesh Bisht | E9: 3473 | F9: PAID
A10: 7 | B10: 45456 | C10: Office Items Purchases | D10: Dinesh Bisht | E10: 340 | F10: PAID
A11: 8 | B11: 45458 | C11: Office Items Purchases | D11: Dinesh Bisht | E11: 115 | F11: PAID
A12: 9 | B12: 45453 | C12: Birthday Cake - Akash Malhotra | D12: Dinesh Bisht | E12: 491 | F12: PAID
A13: 10 | B13: 45457 | C13: Birthday Cake - Bharat Singh | D13: Dinesh Bisht | E13: 550 | F13: PAID
A14: 11 | B14: 45461 | C14: Birthday Cake - Dinesh Singh Bisht | D14: Dinesh Bisht | E14: 566 | F14: PAID
C17: Total | E17: =SUM(E4:E16) -> 15025.85 | K17: Total | L17: =SUM(L3:L16) -> 14798
C18: Balance Left Settled with Previous Balance
J19: Outstanding | L19: =E17-L17 -> 227.85

Sheet July24
G1: Imprest Balance
A2: S.no | B2: Date | C2: Particulars | D2: Approved By | E2: Total Spent | F2: Status | G2: =June24!G2-E17+L17 -> 1447.56 | J2: S. No. | K2: Date | L2: Imprest Recevied
A3: Petty Cash Statement | J3: 1 | K3: 45481 | L3: 1908
A4: 1 | B4: 45477 | C4: Office Items Purchases | D4: Dinesh Bisht | E4: 1908 | F4: PAID | J4: 2 | K4: 45488 | L4: 1034
A5: 2 | B5: 45483 | C5: Office Items Purchases | D5: Dinesh Bisht | E5: 1034 | F5: PAID | J5: 3 | K5: 45502 | L5: 1257
A6: 3 | B6: 45483 | C6: Birthday Cake - Shashank | D6: Dinesh Bisht | E6: 596 | F6: PAID | J6: 4 | K6: 45502 | L6: 3251
A7: 4 | B7: 45489 | C7: Office Items Purchases | D7: Dinesh Bisht | E7: 908 | F7: PAID
A8: 5 | B8: 45492 | C8: Office Items Purchases | D8: Dinesh Bisht | E8: 1747 | F8: PAID
A9: 6 | B9: 45499 | C9: Office Items Purchases | D9: Dinesh Bisht | E9: 1257 | F9: PAID
A10: 7 | B10: 45504 | C10: Office Items Purchases | D10: Dinesh Bisht | E10: 306 | F10: PAID
C17: Total | E17: =SUM(E4:E16) -> 7756 | K17: Total | L17: =SUM(L3:L16) -> 7450
C18: Balance Left Settled with Previous Balance
J19: Outstanding | L19: =E17-L17 -> 306

Sheet Aug24
G1: Imprest Balance
A2: S.no | B2: Date | C2: Particulars | D2: Approved By | E2: Total Spent | F2: Status | G2: =July24!G2-E17+L17 -> -210.44 | J2: S. No. | K2: Date | L2: Imprest Recevied
A3: Petty Cash Statement | J3: 1 | K3: 45513 | L3: 4920
A4: 1 | B4: 45510 | C4: Office Items Purchases | D4: Dinesh Bisht | E4: 4614 | F4: PAID | J4: 2
A5: 2 | B5: 45526 | C5: Office Items Purchases | D5: Dinesh Bisht | E5: 1964 | F5: PAID | J5: 3
C17: Total | E17: =SUM(E4:E16) -> 6578 | K17: Total | L17: =SUM(L3:L16) -> 4920
C18: Balance Left Settled with Previous Balance
J19: Outstanding | L19: =E17-L17 -> 1658

Sheet Sep24
G1: Imprest Balance
A2: S.no | B2: Date | C2: Particulars | D2: Approved By | E2: Total Spent | F2: Status | G2: ='Aug24'!G2-E20+L20 -> 2431.56 | J2: S. No. | K2: Date | L2: Imprest Recevied
A3: Petty Cash Statement | J3: 1 | K3: 45538 | L3: 1964
A4: 1 | B4: 45537 | C4: Office Items Purchases | D4: Dinesh Bisht | E4: 2026 | F4: PAID | J4: 2 | K4: 45544 | L4: 9502
A5: 2 | B5: 45541 | C5: Office Items Purchases | D5: Dinesh Bisht | E5: 3884 | F5: PAID | J5: 3 | K5: 45551 | L5: 6350
A6: 3 | B6: 45541 | C6: Office Items Purchases | D6: Dinesh Bisht | E6: 217 | F6: PAID | J6: 4 | K6: 45558 | L6: 4314
A7: 4 | B7: 45541 | C7: Birthday Cake-Rajeev Mahay Sir 22/08/24 | D7: Dinesh Bisht | E7: 1271 | F7: PAID
A8: 5 | B8: 45541 | C8: Farewell Cake-Ritvik Sharma- 30/08/24 | D8: Dinesh Bisht | E8: 551 | F8: PAID
A9: 6 | B9: 45541 | C9: Office Items Purchases - 31/08/24 | D9: Dinesh Bisht | E9: 1615 | F9: PAID
A10: 7 | B10: 45547 | C10: Voucher - Dinesh Bisht (58Km) | D10: Chandra Mohan | E10: 580 | F10: PAID
A11: 8 | B11: 45552 | C11: Team Lunch | D11: Dinesh Bisht | E11: 1477 | F11: PAID
A12: 9 | B12: 45553 | C12: Office Items Purchases | D12: Dinesh Bisht | E12: 1388 | F12: PAID
A13: 10 | B13: 45554 | C13: Office Items Purchases | D13: Dinesh Bisht | E13: 900 | F13: PAID
A14: 11 | B14: 45555 | C14: Office Items Purchases | D14: Dinesh Bisht | E14: 549 | F14: PAID
A15: 12 | B15: 45559 | C15: Office Items Purchases - Balance of S.No. 6 | D15: Dinesh Bisht | E15: 62 | F15: PAID
A16: 13 | B16: 45560 | C16: Office Items Purchases - 25/09/24 | D16: Dinesh Bisht | E16: 2872 | F16: PAID
A17: 14 | B17: 45560 | C17: Client (Super Hero) Lunch @ 511 Office - 5 Pax | D17: Dinesh Bisht | E17: 2096 | F17: PAID
A18: 15 | B18: 45562 | C18: Office Items Purchases | D18: Dinesh Bisht | E18: 499
C20: Total | E20: =SUM(E4:E17) -> 19488 | K20: Total | L20: =SUM(L3:L17) -> 22130
C21: Balance Left Settled with Previous Balance
J22: Outstanding | L22: =E20-L20 -> -2642

Sheet Oct24
G1: Imprest Balance
A2: S.no | B2: Date | C2: Particulars | D2: Approved By | E2: Total Spent | F2: Status | G2: ='Sep24'!G2-E20+L20 -> 4743.56 | J2: S. No. | K2: Date | L2: Imprest Recevied
A3: Petty Cash Statement | J3: 1 | K3: 45568 | L3: 5529
A4: 1 | B4: 45568 | C4: Voucher - Vaibhav Shrivastava | D4: Dinesh Bisht | E4: 105 | F4: PAID | J4: 2 | K4: 45572 | L4: 105
A5: 2 | B5: 45573 | C5: Office Items Purchases | D5: Dinesh Bisht | E5: 7594 | F5: PAID | J5: 3 | K5: 45579 | L5: 7594
A6: 3 | B6: 45579 | C6: Purchased Plant for Office - Om Prakash | D6: Dinesh Bisht | E6: 1540 | F6: PAID | J6: 4 | K6: 45594 | L6: 1540
A7: 4 | B7: 45593 | C7: Office Items Purchases - Diwali (Om Prakash) | D7: Dinesh Bisht | E7: 1985 | F7: PAID
A8: 5 | B8: 45593 | C8: Office Items Purchases - Diwali (Swarn) | D8: Dinesh Bisht | E8: 769 | F8: PAID
A9: 6 | B9: 45595 | C9: Sweets - Diwali (Swarn) | D9: Dinesh Bisht | E9: 463 | F9: PAID
C14: j
C20: Total | E20: =SUM(E4:E17) -> 12456 | K20: Total | L20: =SUM(L3:L17) -> 14768
C21: Balance Left Settled with Previous Balance
J22: Outstanding | L22: =E20-L20 -> -2312

Sheet Nov24
G1: Imprest Balance
A2: S.no | B2: Date | C2: Particulars | D2: Approved By | E2: Total Spent | F2: Status | G2: ='Oct24'!G2-E20+L20 -> 4269.56 | J2: S. No. | K2: Date | L2: Imprest Recevied
A3: Petty Cash Statement | J3: 1 | K3: 45600 | L3: 3217
A4: 1 | B4: 45604 | C4: Office Items Purchases | D4: Dinesh Bisht | E4: 4214 | F4: PAID | J4: 2 | K4: 45610 | L4: 10534
A5: 2 | B5: 45604 | C5: Site Visit for Implementation of AIPL - Birendra Negi - 07.11.24 | D5: Chandra Sir | E5: 600 | F5: PAID | J5: 3 | K5: 45614 | L5: 500
A6: 3 | B6: 45604 | C6: Fruits and puja item for Diwali - Om Prakash - 05.11.24 | D6: Chandra Sir | E6: 200 | F6: PAID | J6: 4 | K6: 45623 | L6: 2221
A7: 4 | B7: 45604 | C7: NUO Justa GK1 for meeting with Amit Sharda - Om Prakash - 14.10.24 | D7: Chandra Sir | E7: 750 | F7: PAID
A8: 5 | B8: 45604 | C8: Diwali Gift Distribution - Birendra Negi - 07.11.24 | D8: Chandra Sir | E8: 2010 | F8: PAID
A9: 6 | B9: 45604 | C9: Flower Decoration for Diwali - Akash Mlhotra - 30.10.24 | D9: Chandra Sir | E9: 1500 | F9: PAID
A10: 7 | B10: 45604 | C10: Diwali Gift Distribution - Om Prakash - 05.11.24 | D10: Chandra Sir | E10: 960 | F10: PAID
A11: 8 | B11: 45604 | C11: Electric kettle repair - Dinesh Singh Bisht | D11: Dinesh Bisht | E11: 300 | F11: PAID
A12: 9 | B12: 45611 | C12: Paid to PABX engineer to set the wave file - Dinesh Singh Bisht - 14.11.24 | D12: Chandra Sir | E12: 500 | F12: PAID
A13: 10 | B13: 45621 | C13: Travel Bill - Pawan Palariya 14.11.24 & 15.11.24 | D13: Chandra Sir | E13: 2221 | F13: PAID
A14: 11 | B14: 45622 | C14: Office Files | D14: Dinesh Bisht | E14: 684 | F14: PAID
A15: 12 | B15: 45622 | C15: Travel Bill - Vaibhav Shrivastava 26.11.24 | D15: Chandra Sir | E15: 504 | F15: PAID
A16: 13 | B16: 45622 | C16: Travel Bill - Chandra Mohan Joshi 26.11.24 | D16: Chandra Sir | E16: 330 | F16: PAID
A17: 14 | B17: 45624 | C17: Office Items Purchases | D17: Dinesh Bisht | E17: 2173 | F17: PAID
C20: Total | E20: =SUM(E4:E17) -> 16946 | K20: Total | L20: =SUM(L3:L17) -> 16472
C21: Balance Left Settled with Previous Balance
J22: Outstanding | L22: =E20-L20 -> 474

Sheet Dec24
G1: Imprest Balance
A2: S.no | B2: Date | C2: Particulars | D2: Approved By | E2: Total Spent | F2: Status | G2: ='Nov24'!G2-E20+L20 -> 7002.56 | J2: S. No. | K2: Date | L2: Imprest Recevied
A3: Petty Cash Statement | J3: 1 | K3: 45629 | L3: 1518
A4: 1 | B4: 45630 | C4: Office Items Purchases | D4: Dinesh Bisht | E4: 5100 | F4: PAID | J4: 2 | K4: 45637 | L4: 7419
A5: 2 | B5: 45630 | C5: Office Items Purchases | D5: Dinesh Bisht | E5: 146 | F5: PAID
A6: 3 | B6: 45642 | C6: Garbage Bag - Akash Malhotra 16.12.24 | D6: Dinesh Bisht | E6: 750 | F6: PAID
A7: 4 | B7: 45644 | C7: Travel Bill - Vaibhav Shrivastava 18.12.24 | D7: Dinesh Bisht | E7: 208 | F7: PAID
C20: Total | E20: =SUM(E4:E17) -> 6204 | K20: Total | L20: =SUM(L3:L17) -> 8937
C21: Balance Left Settled with Previous Balance
J22: Outstanding | L22: =E20-L20 -> -2733

Sheet Jan25
G1: Imprest Balance
A2: S.no | B2: Date | C2: Particulars | D2: Approved By | E2: Total Spent | F2: Status | G2: ='Dec24'!G2-E20+L20 -> 2143.56 | J2: S. No. | K2: Date | L2: Imprest Recevied
A3: Petty Cash Statement | J3: 1 | K3: 45670 | L3: 5058
A4: 1 | B4: 45666 | C4: Office Items Purchases | D4: Dinesh Bisht | E4: 4508 | F4: Paid | J4: 2
A5: 2 | B5: 45667 | C5: Birthday Cake- Vaibhav- 29/12/24 | D5: Dinesh Bisht | E5: 550 | F5: Paid
A6: 3 | B6: 45681 | C6: Travel Bill - Vaibhav Shrivastava 24.01.25 | D6: Dinesh Bisht | E6: 660 | F6: Paid
A7: 4 | B7: 45681 | C7: Birthday Cake- Birendra Sir - 05/01/25 | D7: Dinesh Bisht | E7: 744 | F7: Paid
A8: 5 | B8: 45684 | C8: Office Items Purchases | D8: Dinesh Bisht | E8: 2711 | F8: Paid
A9: 6 | B9: 45688 | C9: Birthday Cake- Kanchan - 29/01/25 | D9: Dinesh Bisht | E9: 744 | F9: Paid
C20: Total | E20: =SUM(E4:E17) -> 9917 | K20: Total | L20: =SUM(L3:L17) -> 5058
C21: Balance Left Settled with Previous Balance
J22: Outstanding | L22: =E20-L20 -> 4859

Sheet Feb25
G1: Imprest Balance
A2: S.no | B2: Date | C2: Particulars | D2: Approved By | E2: Total Spent | F2: Status | G2: ='Jan25'!G2-E20+L20 -> 2143.56 | J2: S. No. | K2: Date | L2: Amount Received
A3: Petty Cash Statement | J3: 1 | K3: 45719 | L3: 11618
A4: 1 | B4: 45701 | C4: Office Items Purchases | D4: Dinesh Bisht | E4: 744 | F4: PAID | J4: 2
A5: 2 | B5: 45701 | C5: Office Items Purchases | D5: Dinesh Bisht | E5: 152 | F5: PAID
A6: 3 | B6: 45706 | C6: Office Items Purchases | D6: Dinesh Bisht | E6: 4259 | F6: PAID
A7: 4 | B7: 45705 | C7: Birthday Cake- Swarn - 16/02/25 | D7: Dinesh Bisht | E7: 323 | F7: PAID
A8: 5 | B8: 45712 | C8: Voucher - Chandra Mohan Joshi (20,21,22,23 & 24 Jan) - DGC | D8: Chandra Mohan | E8: 1100 | F8: PAID
A9: 6 | B9: 45712 | C9: Voucher - Chandra Mohan Joshi (27,28,29,30 & 31 Jan) - DGC | D9: Chandra Mohan | E9: 1140 | F9: PAID
A10: 7 | B10: 45712 | C10: Voucher - Chandra Mohan Joshi (03,04,07,10 & 12 Feb) - DGC | D10: Chandra Mohan | E10: 1050 | F10: PAID
A11: 8 | B11: 45716 | C11: Voucher - Vaibhav Srivasatva (DLF EMPORIO EXPENSES) | D11: Chandra Mohan | E11: 2850 | F11: PAID
C20: Total | E20: =SUM(E4:E17) -> 11618 | K20: Total | L20: =SUM(L3:L17) -> 11618
C21: Balance Left Settled with Previous Balance
J22: Outstanding | L22: =E20-L20 -> 0

Sheet March25
G1: Imprest Balance | I1: Payment Released By PF FInance
A2: S.no | B2: Date | C2: Particulars | D2: Approved By | E2: Total Spent | F2: Status | G2: ='Feb25'!G2-E20+K20 -> 0.56 | I2: S. No. | J2: Date | K2: Amount Received
A3: Petty Cash Statement | I3: 1 | J3: 45727 | K3: 5497
A4: 1 | B4: 45719 | C4: Farewell Cake- Vaibhav - 03/03/25 | D4: Dinesh Bisht | E4: 599 | F4: PAID | I4: 2 | J4: 45736 | K4: 3600
A5: 2 | B5: 45723 | C5: Office Items Purchases | D5: Dinesh Bisht | E5: 721 | F5: PAID | I5: 3 | J5: 45744 | K5: 4260
A6: 3 | B6: 45728 | C6: Car Parking Reimbursement - Chandra Mohan | D6: Dinesh Bisht | E6: 1180 | F6: PAID
A7: 4 | B7: 45728 | C7: Car Parking Reimbursement - Dinesh Singh Bisht | D7: Dinesh Bisht | E7: 1180 | F7: PAID
A8: 5 | B8: 45728 | C8: Car Parking Reimbursement - Om Prakash | D8: Dinesh Bisht | E8: 1180 | F8: PAID
A9: 6 | B9: 45728 | C9: Bike Parking Reimbursement - Pravin Kumar | D9: Dinesh Bisht | E9: 295 | F9: PAID
A10: 7 | B10: 45728 | C10: Bike Parking Reimbursement - Akash Malhotra | D10: Dinesh Bisht | E10: 295 | F10: PAID
A11: 8 | B11: 45729 | C11: Hard Beverages - Holi Party 578 Office (Dinesh Bisht) | D11: Dinesh Bisht | E11: 3600 | F11: PAID
A12: 9 | B12: 45726 | C12: Voucher - Tushar Maurya - Lusso (To and From) | D12: Dinesh Bisht | E12: 287 | F12: PAID
A13: 10 | B13: 45741 | C13: 11 Vouchers - Arun Kumar | D13: Dinesh Bisht | E13: 1680 | F13: PAID
A14: 11 | B14: 45741 | C14: Office Items Purchases | D14: Dinesh Bisht | E14: 4483 | F14: PAID
C20: Total | E20: =SUM(E4:E17) -> 15500 | J20: Total | K20: =SUM(K3:K17) -> 13357
C21: Balance Left Settled with Previous Balance
I22: Payment Vs Expense | K22: =E20-K20 -> 2143
I23: Finance to Pay for Imprest | K23: =5000-(G2) -> 4999.44

Sheet April25
G1: Imprest Balance | I1: Payment Released By PF FInance
A2: S.no | B2: Date | C2: Particulars | D2: Approved By | E2: Total Spent | F2: Status | G2: =March25!G2-E20+K20 -> 380.56 | I2: S. No. | J2: Date | K2: Amount Received
A3: Petty Cash Statement | I3: 1 | J3: 45755 | K3: 12443
A4: 1 | B4: 45751 | C4: Office Items Purchases | D4: Dinesh Bisht | E4: 1099 | F4: PAID
A5: 2 | B5: 45751 | C5: Donation (Valmiki Aashram) | D5: Dinesh Bisht | E5: 3100 | F5: PAID
A6: 3 | B6: 45751 | C6: Car Parking Reimbursement - Chandra Mohan | D6: Dinesh Bisht | E6: 1180 | F6: PAID
A7: 4 | B7: 45751 | C7: Bike Parking Reimbursement - Akash Malhotra | D7: Dinesh Bisht | E7: 295 | F7: PAID
A8: 5 | B8: 45751 | C8: Car Parking Reimbursement - Dinesh Singh Bisht | D8: Dinesh Bisht | E8: 1180 | F8: PAID
A9: 6 | B9: 45751 | C9: Bike Parking Reimbursement - Pravin Kumar | D9: Dinesh Bisht | E9: 295 | F9: PAID
A10: 7 | B10: 45751 | C10: Bike Parking Reimbursement - Shashank | D10: Dinesh Bisht | E10: 295 | F10: PAID
A11: 8 | B11: 45749 | C11: 2 Vouchers - Arun Kumar | D11: Dinesh Bisht | E11: 310 | F11: PAID
A12: 9 | B12: 45777 | C12: Office Items Purchases | D12: Dinesh Bisht | E12: 4019 | F12: PAID
A13: 10 | B13: 45765 | C13: 1 Vouchers - Arun Kumar | D13: Dinesh Bisht | E13: 290 | F13: PAID
C20: Total | E20: =SUM(E4:E17) -> 12063 | J20: Total | K20: =SUM(K3:K17) -> 12443
C21: Balance Left Settled with Previous Balance
I22: Payment Vs Expense | K22: =E20-K20 -> -380
I23: Finance to Pay for Imprest | K23: =5000-(G2) -> 4619.44

Sheet May25
G1: Imprest Balance | I1: Payment Released By PF FInance
A2: S.no | B2: Date | C2: Particulars | D2: Approved By | E2: Total Spent | F2: Status | G2: =April25!G2-E28+K28 -> 10681.56 | I2: S. No. | J2: Date | K2: Amount Received
A3: Petty Cash Statement | I3: 1 | J3: 45784 | K3: 4309
A4: 1 | B4: 45779 | C4: Office Items Purchases | D4: Dinesh Bisht | E4: 838 | F4: PAID | I4: 2 | J4: 45798 | K4: 9523
A5: 2 | B5: 45782 | C5: Car Parking Reimbursement of May - Chandra Mohan | D5: Dinesh Bisht | E5: 1180 | F5: PAID | I5: 3 | J5: 45803 | K5: 7000
A6: 3 | B6: 45782 | C6: Bike Parking Reimbursement of May - Akash Malhotra | D6: Dinesh Bisht | E6: 295 | F6: PAID
A7: 4 | B7: 45782 | C7: Bike Parking Reimbursement of May - Pravin Kumar | D7: Dinesh Bisht | E7: 295 | F7: PAID
A8: 5 | B8: 45782 | C8: Car Parking Reimbursement of May - Dinesh Singh Bisht | D8: Dinesh Bisht | E8: 1180 | F8: PAID
A9: 6 | B9: 45785 | C9: Office Items Purchases | D9: Dinesh Bisht | E9: 460 | F9: PAID
A10: 7 | B10: 45785 | C10: 2 Vouchers - Arun Kumar | D10: Dinesh Bisht | E10: 300 | F10: PAID
A11: 8 | B11: 45785 | C11: Voucher - Tushar Maurya - Lusso (To and From) | D11: Dinesh Bisht | E11: 762 | F11: PAID
A12: 9 | B12: 45790 | C12: Voucher - Chandra Mohan - DGC (To and From) | D12: Dinesh Bisht | E12: 866 | F12: PAID
A13: 10 | B13: 45793 | C13: 1 Voucher - Arun Kumar | D13: Dinesh Bisht | E13: 280 | F13: PAID
A14: 11 | B14: 45792 | C14: Office kettle repair | D14: Dinesh Bisht | E14: 270 | F14: PAID
A15: 12 | B15: 45796 | C15: Office Items Purchases | D15: Dinesh Bisht | E15: 2487 | F15: PAID
A16: 13 | B16: 45797 | C16: Office Items Purchases | D16: Dinesh Bisht | E16: 568 | F16: PAID
A17: 14 | B17: 45798 | C17: Office Items Purchases | D17: Dinesh Bisht | E17: 750 | F17: PAID
... A25: 22 | B25: 45805 | C25: Office Items Purchases | D25: Dinesh Bisht | E25: 337 | F25: PAID
C28: Total | E28: =SUM(E4:E17) -> 10531 | J28: Total | K28: =SUM(K3:K17) -> 20832
C29: Balance Left Settled with Previous Balance
I30: Payment Vs Expense | K30: =E28-K28 -> -10301
I31: Finance to Pay for Imprest | K31: =5000-(G2) -> -5681.56

Sheet June25
G1: Imprest Balance | I1: Payment Released By PF FInance
A2: S.no | B2: Date | C2: Particulars | D2: Approved By | E2: Total Spent | F2: Status | G2: ='May25'!G2-E27+K27 -> 4999.56 | I2: S. No. | J2: Date | K2: Amount Received
A3: Petty Cash Statement | I3: 1 | J3: 45821 | K3: 7075
A4: 1 | B4: 45812 | C4: Office Items Purchases | D4: Dinesh Bisht | E4: 3767 | F4: PAID | I4: 2 | J4: 45824 | K4: 773
A5: 2 | B5: 45812 | C5: Car Parking Reimbursement of June - Chandra Mohan | D5: Dinesh Bisht | E5: 1180 | F5: PAID | I5: 3 | J5: 45831 | K5: 2088
A6: 3 | B6: 45812 | C6: Bike Parking Reimbursement of June - Akash Malhotra | D6: Dinesh Bisht | E6: 295 | F6: PAID | I6: 4 | J6: 45838 | K6: 200
A7: 4 | B7: 45812 | C7: Car Parking Reimbursement of June - Dinesh Singh Bisht | D7: Dinesh Bisht | E7: 1180 | F7: PAID
A8: 5 | B8: 45812 | C8: Car Parking Reimbursement of June - Om Prakash | D8: Dinesh Bisht | E8: 1180 | F8: PAID
A9: 6 | B9: 45812 | C9: 03 Office Keys | D9: Dinesh Bisht | E9: 400 | F9: PAID
A10: 7 | B10: 45814 | C10: 1 Voucher - Arun Kumar | D10: Dinesh Bisht | E10: 190 | F10: PAID
A11: 8 | B11: 45814 | C11: Chandra Sir's DGC expense | D11: Dinesh Bisht | E11: 4565 | F11: PAID
A12: 9 | B12: 45817 | C12: Birthday Cake (Aastha and Akash Malhotra) | D12: Dinesh Bisht | E12: 773 | F12: PAID
A13: 10 | B13: 45826 | C13: Office Items Purchases | D13: Dinesh Bisht | E13: 1236 | F13: PAID
A14: 11 | B14: 45826 | C14: Birthday Cake ( Dinesh Singh Bisht) | D14: Dinesh Bisht | E14: 852 | F14: PAID
A15: 12 | B15: 45827 | C15: 1 Voucher - Arun Kumar | D15: Dinesh Bisht | E15: 200 | F15: PAID
C27: Total | E27: =SUM(E4:E16) -> 15818 | J27: Total | K27: =SUM(K3:K16) -> 10136
C28: Balance Left Settled with Previous Balance
I29: Payment Vs Expense | K29: =E27-K27 -> 5682
I30: Finance to Pay for Imprest | K30: =5000-(G2) -> 0.44

Sheet July25
G1: Imprest Balance | I1: Payment Released By PF FInance
A2: S.no | B2: Date | C2: Particulars | D2: Approved By | E2: Total Spent | F2: Status | G2: =June25!G2-E27+K27 -> 4567.56 | I2: S. No. | J2: Date | K2: Amount Received
A3: Petty Cash Statement | I3: 1 | J3: 45860 | K3: 10517
A4: 1 | B4: 45842 | C4: Office Items Purchases | D4: Dinesh Bisht | E4: 3604 | F4: PAID | I4: 2
A5: 2 | B5: 45844 | C5: Office Item Purchases | D5: Chandra Sir | E5: 1075 | F5: PAID | I5: 3
A6: 3 | B6: 45846 | C6: 1 Voucher - Arun Kumar | D6: Dinesh Bisht | E6: 200 | F6: PAID
A7: 4 | B7: 45855 | C7: Office Items Purchases | D7: Dinesh Bisht | E7: 1132 | F7: PAID
A8: 5 | B8: 45855 | C8: 1 Voucher - Arun Kumar (14/07/25) | D8: Dinesh Bisht | E8: 120 | F8: PAID
A9: 6 | B9: 45855 | C9: 1 Voucher - Arun Kumar (15/07/25) | D9: Dinesh Bisht | E9: 170 | F9: PAID
A10: 7 | B10: 45855 | C10: 1 Voucher - Arun Kumar (16/07/25) | D10: Dinesh Bisht | E10: 150 | F10: PAID
A11: 8 | B11: 45855 | C11: Car Parking Reimbursement of July - Chandra Mohan | D11: Dinesh Bisht | E11: 1180 | F11: PAID
A12: 9 | B12: 45855 | C12: Bike Parking Reimbursement of July - Pravin Kumar | D12: Dinesh Bisht | E12: 295 | F12: PAID
A13: 10 | B13: 45855 | C13: Car Parking Reimbursement of July - Dinesh Singh Bisht | D13: Dinesh Bisht | E13: 1180 | F13: PAID
A14: 11 | B14: 45855 | C14: Car Parking Reimbursement of July - Om Prakash | D14: Dinesh Bisht | E14: 1180 | F14: PAID
A15: 12 | B15: 45855 | C15: Office Items Purchases | D15: Dinesh Bisht | E15: 231 | F15: PAID
A16: 13 | B16: 45862 | C16: Office Items Purchases | D16: Dinesh Bisht | E16: 432 | F16: PAID
C27: Total | E27: =SUM(E4:E16) -> 10949 | J27: Total | K27: =SUM(K3:K16) -> 10517
C28: Balance Left Settled with Previous Balance
I29: Payment Vs Expense | K29: =E27-K27 -> 432
I30: Finance to Pay for Imprest | K30: =5000-(G2) -> 432.44

Sheet August25
G1: Imprest Balance | I1: Payment Released By PF FInance
A2: S.no | B2: Date | C2: Particulars | D2: Approved By | E2: Total Spent | F2: Status | G2: =July25!G2-E27+K27 -> 5000.06 | I2: S. No. | J2: Date | K2: Amount Received
A3: Petty Cash Statement | I3: 1 | J3: 45873 | K3: 5091
A4: 1 | B4: 45870 | C4: Office Items Purchases | D4: Dinesh Bisht | E4: 620 | F4: PAID | I4: 2 | J4: 45880 | K4: 5118
A5: 2 | B5: 45870 | C5: Car Parking Reimbursement of August - Chandra Mohan | D5: Dinesh Bisht | E5: 1180 | F5: PAID | I5: 3 | J5: 45887 | K5: 405
A6: 3 | B6: 45870 | C6: Car Parking Reimbursement of August - Dinesh Singh Bisht | D6: Dinesh Bisht | E6: 1180 | F6: PAID | I6: 4 | J6: 45894 | K6: 2935
A7: 4 | B7: 45870 | C7: Car Parking Reimbursement of August - Om Prakash | D7: Dinesh Bisht | E7: 1180 | F7: PAID
A8: 5 | B8: 45870 | C8: Birthday Cake- Shashank - 10/07/25 | D8: Dinesh Bisht | E8: 499 | F8: PAID
A9: 6 | B9: 45873 | C9: 1 Voucher - Arun Kumar (28/07/25) | D9: Dinesh Bisht | E9: 170 | F9: PAID
A10: 7 | B10: 45873 | C10: 1 Voucher - Arun Kumar (30/07/25) | D10: Dinesh Bisht | E10: 80 | F10: PAID
A11: 8 | B11: 45873 | C11: 1 Voucher - Arun Kumar (01/08/25) | D11: Dinesh Bisht | E11: 210 | F11: PAID
A12: 9 | B12: 45873 | C12: Bike Parking Reimbursement of August - Pravin Kumar | D12: Dinesh Bisht | E12: 295 | F12: PAID
A13: 10 | B13: 45874 | C13: Office Items Purchases | D13: Dinesh Bisht | E13: 4363 | F13: PAID
A14: 11 | B14: 45880 | C14: 1 Voucher - Arun Kumar (07/08/25) | D14: Dinesh Bisht | E14: 110 | F14: PAID
A15: 12 | B15: 45880 | C15: Bike Parking Reimbursement of August - Akash Malhotra | D15: Dinesh Bisht | E15: 295 | F15: PAID
A16: 13 | B16: 45881 | C16: Office Items Purchases | D16: Dinesh Bisht | E16: 259 | F16: PAID
A17: 14 | B17: 45881 | C17: Office Items Purchases | D17: Dinesh Bisht | E17: 310 | F17: PAID
A18: 15 | B18: 45889 | C18: Office Items Purchases | D18: Dinesh Bisht | E18: 552 | F18: PAID
... A23: 20 | B23: 45890 | C23: Office Items Purchases (Files) | D23: Dinesh Bisht | E23: 617.5 | F23: PAID
C27: Total | E27: =SUM(E4:E26) -> 13116.5 | J27: Total | K27: =SUM(K3:K20) -> 13549
C28: Balance Left Settled with Previous Balance
I29: Payment Vs Expense | K29: =E27-K27 -> -432.5
I30: Finance to Pay for Imprest | K30: =5000-(G2) -> -0.06

Sheet Sep25
G1: Imprest Balance | I1: Payment Released By PF FInance
A2: S.no | B2: Date | C2: Particulars | D2: Approved By | E2: Total Spent | F2: Status | G2: =August25!G2-E27+K27 -> 3019.06 | I2: S. No. | J2: Date | K2: Amount Received
A3: Petty Cash Statement | I3: 1 | J3: 45915 | K3: 8634
A4: 1 | B4: 45873 | C4: Voucher - Siddharth Pandey - Radission MG Road Delhi (To and From) | D4: Dinesh Bisht | E4: 232 | F4: PAID | I4: 2 | J4: 45953 | K4: 2600
A5: 2 | B5: 45904 | C5: 1 Voucher - Arun Kumar (04/09/25) | D5: Dinesh Bisht | E5: 208 | F5: PAID
A6: 3 | B6: 45905 | C6: Office Items Purchases | D6: Dinesh Bisht | E6: 3642 | F6: PAID
A7: 4 | B7: 45905 | C7: Car Parking Reimbursement of September - Chandra Mohan | D7: Dinesh Bisht | E7: 1180 | F7: PAID
A8: 5 | B8: 45905 | C8: Car Parking Reimbursement of September - Dinesh Singh Bisht | D8: Dinesh Bisht | E8: 1180 | F8: PAID
A9: 6 | B9: 45905 | C9: Car Parking Reimbursement of September - Om Prakash | D9: Dinesh Bisht | E9: 1180 | F9: PAID
A10: 7 | B10: 45912 | C10: 1 Voucher - Arun Kumar (05/09/25) | D10: Dinesh Bisht | E10: 349 | F10: PAID
A11: 8 | B11: 45912 | C11: 1 Voucher - Chandra Mohan - 511 Office to DGC (09/09/25) | D11: Dinesh Bisht | E11: 240 | F11: PAID
A12: 9 | B12: 45912 | C12: 1 Voucher - Arun Kumar (09/09/25) | D12: Dinesh Bisht | E12: 223 | F12: PAID
A13: 10 | B13: 45915 | C13: Office Items Purchases | D13: Dinesh Bisht | E13: 2317 | F13: PAID
A14: 11 | B14: 45916 | C14: Bike Parking Reimbursement of September - Akash Malhotra | D14: Dinesh Bisht | E14: 295 | F14: PAID
A15: 12 | B15: 45917 | C15: 1 Voucher - Arun Kumar (17/09/25) | D15: Dinesh Bisht | E15: 188 | F15: PAID
A16: 13 | B16: 45922 | C16: 1 Voucher - Arun Kumar (22/09/25) | D16: Dinesh Bisht | E16: 203 | F16: PAID
... A19: 16 | B19: 45929 | C19: Bike Parking Reimbursement of September - Shashank Singh | D19: Dinesh Bisht | E19: 295 | F19: PAID
C27: Total | E27: =SUM(E4:E26) -> 13215 | J27: Total | K27: =SUM(K3:K16) -> 11234
C28: Balance Left Settled with Previous Balance
I29: Payment Vs Expense | K29: =E27-K27 -> 1981
I30: Finance to Pay for Imprest | K30: =5000-(G2) -> 1980.94

Sheet Oct25
G1: Imprest Balance | I1: Payment Released By PF FInance
A2: S.no | B2: Date | C2: Particulars | D2: Approved By | E2: Total Spent | F2: Status | G2: ='Sep25'!G2-E27+K27 -> 3462.06 | I2: S. No. | J2: Date | K2: Amount Received
A3: Petty Cash Statement | I3: 1 | J3: 45933 | K3: 178
A4: 1 | B4: 45933 | C4: Office Items Purchases | D4: Dinesh Bisht | E4: 5754 | F4: PAID | I4: 2 | J4: 45937 | K4: 10042
A5: 2 | B5: 45933 | C5: Office Items Purchases | D5: Dinesh Bisht | E5: 328 | F5: PAID | I5: 3 | J5: 45957 | K5: 2766
A6: 3 | B6: 45933 | C6: Car Parking Reimbursement of October - Chandra Mohan | D6: Dinesh Bisht | E6: 1180 | F6: PAID
A7: 4 | B7: 45933 | C7: Car Parking Reimbursement of October - Dinesh Singh Bisht | D7: Dinesh Bisht | E7: 1180 | F7: PAID
A8: 5 | B8: 45937 | C8: 1 Voucher - Arun Kumar (30/09/25) | D8: Dinesh Bisht | E8: 80 | F8: PAID
A9: 6 | B9: 45937 | C9: 1 Voucher - Arun Kumar (01/10/25) | D9: Dinesh Bisht | E9: 200 | F9: PAID
A10: 7 | B10: 45937 | C10: 1 Voucher - Arun Kumar (03/10/25) | D10: Dinesh Bisht | E10: 242 | F10: PAID
A11: 8 | B11: 45937 | C11: Voucher - Chandra Mohan Joshi - Eros Hotel (To and From) | D11: Dinesh Bisht | E11: 440 | F11: PAID
A12: 9 | B12: 45938 | C12: 1 Voucher - Arun Kumar (08/10/25) | D12: Dinesh Bisht | E12: 188 | F12: PAID
A13: 10 | B13: 45946 | C13: Bike Parking Reimbursement of October - Akash Malhotra | D13: Dinesh Bisht | E13: 295 | F13: PAID
A14: 11 | B14: 45946 | C14: Office Items Purchases | D14: Dinesh Bisht | E14: 1132 | F14: PAID
A15: 12 | B15: 45946 | C15: Office Items Purchases | D15: Dinesh Bisht | E15: 189 | F15: PAID
A16: 13 | B16: 45947 | C16: 1 Voucher - Arun Kumar (17/10/25) | D16: Dinesh Bisht | E16: 170 | F16: PAID
A17: 14 | B17: 45948 | C17: 1 Voucher - Arun Kumar (18/10/25) | D17: Dinesh Bisht | E17: 220 | F17: PAID
... A19: 16 | B19: 45950 | C19: 1 Voucher - Arun Kumar (20/10/25) | D19: Dinesh Bisht | E19: 190 | F19: PAID
C27: Total | E27: =SUM(E4:E26) -> 12543 | J27: Total | K27: =SUM(K3:K16) -> 12986
C28: Balance Left Settled with Previous Balance
I29: Payment Vs Expense | K29: =E27-K27 -> -443
I30: Finance to Pay for Imprest | K30: =5000-(G2) -> 1537.94

Sheet Nov25
G1: Imprest Balance | I1: Payment Released By PF FInance
A2: S.no | B2: Date | C2: Particulars | D2: Approved By | E2: Total Spent | F2: Status | G2: ='Oct25'!G2-E27+K27 -> 4439.57 | I2: S. No. | J2: Date | K2: Amount Received
A3: Petty Cash Statement | I3: 1 | J3: 45964 | K3: 1538
A4: 1 | B4: 45965 | C4: Office Items Purchases | D4: Dinesh Bisht | E4: 4922 | F4: PAID | I4: 2 | J4: 45973 | K4: 7756
A5: 2 | B5: 45968 | C5: Cake Arrangement - CMJ Celeberation (Date: 18 Sep 2025) | D5: Dinesh Bisht | E5: 1019 | F5: PAID | I5: 3 | J5: 45986 | K5: 1781
A6: 3 | B6: 45968 | C6: Car Parking Reimbursement of November - Dinesh Singh Bisht | D6: Dinesh Bisht | E6: 1180 | F6: PAID | J6: 45978 | K6: 1740
A7: 4 | B7: 45968 | C7: Cake Arrangement - Tushar's B'day (Date: 09 Sep 2025) | D7: Dinesh Bisht | E7: 635.49 | F7: PAID
A8: 5 | B8: 45971 | C8: Car Parking Reimbursement of November - Chandra Mohan Joshi | D8: Dinesh Bisht | E8: 1180 | F8: PAID
A9: 6 | B9: 45972 | C9: 1 Voucher - Arun Kumar (30/10/25) - Coffee 511 Office | D9: Dinesh Bisht | E9: 46 | F9: PAID
A10: 7 | B10: 45972 | C10: 1 Voucher - Arun Kumar (31/10/25) | D10: Dinesh Bisht | E10: 116 | F10: PAID
A11: 8 | B11: 45972 | C11: 1 Voucher - Arun Kumar (31/10/25) | D11: Dinesh Bisht | E11: 230 | F11: PAID
A12: 9 | B12: 45972 | C12: 1 Voucher - Arun Kumar (01/11/25) | D12: Dinesh Bisht | E12: 168 | F12: PAID
A13: 10 | B13: 45979 | C13: 1 Voucher - Arun Kumar (12/11/25) | D13: Dinesh Bisht | E13: 178 | F13: PAID
A14: 11 | B14: 45981 | C14: 1 Voucher - Arun Kumar (18/11/25) | D14: Dinesh Bisht | E14: 60 | F14: PAID
A15: 12 | B15: 45981 | C15: 1 Voucher - Arun Kumar (12/11/25) | D15: Dinesh Bisht | E15: 188 | F15: PAID
A16: 13 | B16: 45982 | C16: Diwali Gift Distribution on 16th & 17th Oct - Birendra Singh Negi | D16: Dinesh Bisht | E16: 1060 | F16: PAID
A17: 14 | B17: 45982 | C17: Bike Parking Reimbursement of November- Shashank Singh | D17: Dinesh Bisht | E17: 295 | F17: PAID
A18: 15 | B18: 45982 | C18: 1 Voucher - Arun Kumar (20/11/25) | D18: Dinesh Bisht | E18: 60 | F18: PAID
A19: 16 | B19: 45989 | C19: Advance Paid to Arun Kumar | D19: Dinesh Bisht | E19: 500 | F19: PAID
C27: Total | E27: =SUM(E4:E26) -> 11837.49 | J27: Total | K27: =SUM(K3:K16) -> 12815
C28: Balance Left Settled with Previous Balance
I29: Payment Vs Expense | K29: =E27-K27 -> -977.51
I30: Finance to Pay for Imprest | K30: =5000-(G2) -> 560.43

Sheet Dec25
G1: Imprest Balance | I1: Payment Released By PF FInance
A2: S.no | B2: Date | C2: Particulars | D2: Approved By | E2: Total Spent | F2: Status | G2: ='Nov25'!G2-E27+K27 -> 3144.57 | I2: S. No. | J2: Date | K2: Amount Received
A3: Petty Cash Statement | I3: 1 | J3: 46000 | K3: 9534
A4: 1 | B4: 45992 | C4: Office Items Purchases | D4: Dinesh Bisht | E4: 4902 | F4: PAID | I4: 2 | J4: 46014 | K4: 2191
A5: 2 | B5: 45992 | C5: Cake Arrangement - CMJ Birthday Celeberation (Date: 01st December ) | D5: Dinesh Bisht | E5: 751 | F5: PAID | I5: 3 | J5: 46021 | K5: 295
A6: 3 | B6: 45995 | C6: Office Items Purchases (Disposal plates and spoons) | D6: Dinesh Bisht | E6: 341 | F6: PAID | I6: 4 | J6: 46011 | K6: 220
A7: 4 | B7: 45996 | C7: Car Parking Reimbursement of December - Chandra Mohan | D7: Dinesh Bisht | E7: 1180 | F7: PAID | I7: 5 | J7: 45995 | K7: 560
A8: 5 | B8: 45996 | C8: Car Parking Reimbursement of December - Dinesh Singh Bisht | D8: Dinesh Bisht | E8: 1180 | F8: PAID
A9: 6 | B9: 45996 | C9: Car Parking Reimbursement of December - Om Prakash | D9: Dinesh Bisht | E9: 1180 | F9: PAID
A10: 7 | B10: 46003 | C10: 1 Voucher - Arun Kumar (01/12/25) | D10: Dinesh Bisht | E10: 220 | F10: PAID
A11: 8 | B11: 46009 | C11: 1 Voucher - Om Prakash (17/12/2025) - Lemon Tree Ggn Visits | D11: Dinesh Bisht | E11: 1690 | F11: PAID
A12: 9 | B12: 46009 | C12: 1 Voucher - Tushar Maurya (07/12/2025) - Home to Lemon Tree Ggn | D12: Dinesh Bisht | E12: 261 | F12: PAID
A13: 10 | B13: 46010 | C13: 1 Voucher - Arun Kumar (16/12/25) | D13: Dinesh Bisht | E13: 60 | F13: PAID
A14: 11 | B14: 46010 | C14: 1 Voucher - Arun Kumar (17/12/25) | D14: Dinesh Bisht | E14: 180 | F14: PAID
A15: 12 | B15: 46016 | C15: Bike Parking Reimbursement of December - Shashank Singh | D15: Dinesh Bisht | E15: 295 | F15: PAID
A16: 13 | B16: 46022 | C16: 1 Voucher - Rajeev Kumar (Expo Inn Project) | D16: Dinesh Bisht | E16: 1500 | F16: PAID
A17: 14 | B17: 46022 | C17: 1 Voucher - Arun Kumar (31/12/25) | D17: Dinesh Bisht | E17: 355 | F17: PAID
C27: Total | E27: =SUM(E4:E26) -> 14095 | J27: Total | K27: =SUM(K3:K16) -> 12800
C28: Balance Left Settled with Previous Balance
I29: Payment Vs Expense | K29: =E27-K27 -> 1295
I30: Finance to Pay for Imprest | K30: =5000-(G2) -> 1855.43

Sheet Jan26
G1: Imprest Balance | I1: Payment Released By PF FInance
A2: S.no | B2: Date | C2: Particulars | D2: Approved By | E2: Total Spent | F2: Status | G2: ='Dec25'!G2-E27+K27 -> 4440.57 | I2: S. No. | J2: Date | K2: Amount Received
A3: Petty Cash Statement | I3: 1 | J3: 46034 | K3: 12890
A4: 1 | B4: 46024 | C4: Car Parking Reimbursement of January - Chandra Mohan | D4: Dinesh Bisht | E4: 1180 | F4: PAID | I4: 2 | J4: 46049 | K4: 1903
A5: 2 | B5: 46024 | C5: Car Parking Reimbursement of January - Dinesh Singh Bisht | D5: Dinesh Bisht | E5: 1180 | F5: PAID
A6: 3 | B6: 46024 | C6: Car Parking Reimbursement of January - Om Prakash | D6: Dinesh Bisht | E6: 1180 | F6: PAID
A7: 4 | B7: 46027 | C7: Cake Arrangement - Rajeev Kumar Birthday Celeberation (Date: 28th December ) | D7: Dinesh Bisht | E7: 820 | F7: PAID
A8: 5 | B8: 46027 | C8: Cake Arrangement - Birendra Negi Birthday Celeberation (Date: 05th January ) | D8: Dinesh Bisht | E8: 820 | F8: PAID
A9: 6 | B9: 46027 | C9: Office Items Purchases | D9: Dinesh Bisht | E9: 5265 | F9: PAID
A10: 7 | B10: 46027 | C10: Bike Parking Reimbursement of January - Akash Malhotra | D10: Dinesh Bisht | E10: 295 | F10: PAID
A11: 8 | B11: 46030 | C11: Bike Parking Reimbursement of January - Bharat Singh | D11: Dinesh Bisht | E11: 295 | F11: PAID
A12: 9 | B12: 46036 | C12: Lohri Celeberation @ 511 Office - Voucher (Om Prakash) | D12: Dinesh Bisht | E12: 275 | F12: PAID
A13: 10 | B13: 46041 | C13: Bike Parking Reimbursement of January - Shashank Singh | D13: Dinesh Bisht | E13: 295 | F13: PAID
A14: 11 | B14: 46042 | C14: Voucher - Dinesh Singh Bisht (Karmalake Land Demo) | D14: Dinesh Bisht | E14: 738 | F14: PAID
A15: 12 | B15: 46044 | C15: Office Items Purchases | D15: Dinesh Bisht | E15: 596 | F15: PAID
A16: 13 | B16: 46051 | C16: Office Items Purchases | D16: Dinesh Bisht | E16: 360 | F16: PAID
A17: 14 | B17: 46053 | C17: 1 Voucher - Arun Kumar (31/01/26) | D17: Dinesh Bisht | E17: 198 | F17: PAID
C27: Total | E27: =SUM(E4:E26) -> 13497 | J27: Total | K27: =SUM(K3:K16) -> 14793
C28: Balance Left Settled with Previous Balance
I29: Payment Vs Expense | K29: =E27-K27 -> -1296
I30: Finance to Pay for Imprest | K30: =5000-(G2) -> 559.43

Sheet Feb26
G1: Imprest Balance | I1: Payment Released By PF FInance
A2: S.no | B2: Date | C2: Particulars | D2: Approved By | E2: Total Spent | F2: Status | G2: ='Jan26'!G2-E27+K27 -> 1290.57 | I2: S. No. | J2: Date | K2: Amount Received
A3: Petty Cash Statement | I3: 1 | J3: 46056 | K3: 360
A4: 1 | B4: 46055 | C4: 1 Voucher - Arun Kumar (02/02/26) | D4: Dinesh Bisht | E4: 178 | F4: PAID | I4: 2 | J4: 46071 | K4: 8784
A5: 2 | B5: 46056 | C5: First Aid Medicine for 511 Office | D5: Dinesh Bisht | E5: 521 | F5: PAID
A6: 3 | B6: 46058 | C6: Office Items Purchases- Tissue Box | D6: Dinesh Bisht | E6: 259 | F6: PAID
A7: 4 | B7: 46063 | C7: Bike Parking Reimbursement of February - Bharat Singh | D7: Dinesh Bisht | E7: 295 | F7: PAID
A8: 5 | B8: 46063 | C8: Office Items Purchases | D8: Dinesh Bisht | E8: 4743 | F8: PAID
A9: 6 | B9: 46063 | C9: Office Items Purchases | D9: Dinesh Bisht | E9: 206 | F9: PAID
A10: 7 | B10: 46066 | C10: Car Parking Reimbursement of February - Chandra Mohan | D10: Dinesh Bisht | E10: 1180 | F10: PAID
A11: 8 | B11: 46066 | C11: Car Parking Reimbursement of February - Dinesh Singh Bisht | D11: Dinesh Bisht | E11: 1180 | F11: PAID
A12: 9 | B12: 46066 | C12: Car Parking Reimbursement of February - Om Prakash | D12: Dinesh Bisht | E12: 1180 | F12: PAID
A13: 10 | B13: 46067 | C13: Office Items Purchases - Garbage bags | D13: Dinesh Bisht | E13: 895 | F13: PAID
A14: 11 | B14: 46069 | C14: 1 Voucher - Arun Kumar (16/02/26) | D14: Dinesh Bisht | E14: 80 | F14: PAID
A15: 12 | B15: 46070 | C15: 1 Voucher - Arun Kumar (17/02/26) | D15: Dinesh Bisht | E15: 188 | F15: PAID
A16: 13 | B16: 46072 | C16: Boss's Lunch @ 511 Office Dated 18th Feb 2026 | D16: Dinesh Bisht | E16: 889 | F16: PAID
A17: 14 | B17: 46080 | C17: 1 Voucher - Arun (27th Feb 2026) - ADVANCE | D17: Dinesh Bisht | E17: 500 | F17: PAID
C27: Total | E27: =SUM(E4:E26) -> 12294 | J27: Total | K27: =SUM(K3:K16) -> 9144
C28: Balance Left Settled with Previous Balance
I29: Payment Vs Expense | K29: =E27-K27 -> 3150
I30: Finance to Pay for Imprest | K30: =5000-(G2) -> 3709.43

Sheet March26
G1: Imprest Balance | I1: Payment Released By PF FInance
A2: S.no | B2: Date | C2: Particulars | D2: Approved By | E2: Total Spent | F2: Status | G2: ='Jan26'!G2-E27+K27 -> 4999.57 | I2: S. No. | J2: Date | K2: Amount Received
A3: Petty Cash Statement | I3: 1 | J3: 46105 | K3: 11408
A4: 1 | B4: 46083 | C4: Office Items Purchases | D4: Dinesh Bisht | E4: 360 | F4: PAID | I4: 2
A5: 2 | B5: 46090 | C5: Office Items Purchases | D5: Dinesh Bisht | E5: 5450 | F5: PAID
A6: 3 | B6: 46101 | C6: Cake Arrangement - Om Prakash - Birthday Celeberation (Date: 10th March) | D6: Dinesh Bisht | E6: 723 | F6: PAID
A7: 4 | B7: 46101 | C7: Cake Arrangement - Kanchan - Birthday Celeberation (Date: 29th Jan) | D7: Dinesh Bisht | E7: 481 | F7: PAID
A8: 5 | B8: 46101 | C8: Bike Parking Reimbursement of March - Shashank Singh | D8: Dinesh Bisht | E8: 295 | F8: PAID
A9: 6 | B9: 46101 | C9: Car Parking Reimbursement of March - Chandra Mohan | D9: Dinesh Bisht | E9: 1180 | F9: PAID
A10: 7 | B10: 46101 | C10: Car Parking Reimbursement of March - Dinesh Singh Bisht | D10: Dinesh Bisht | E10: 1180 | F10: PAID
A11: 8 | B11: 46101 | C11: Car Parking Reimbursement of March - Om Prakash | D11: Dinesh Bisht | E11: 1180 | F11: PAID
C27: Total | E27: =SUM(E4:E26) -> 10849 | J27: Total | K27: =SUM(K3:K16) -> 11408
C28: Balance Left Settled with Previous Balance
I29: Payment Vs Expense | K29: =E27-K27 -> -559
I30: Finance to Pay for Imprest | K30: =5000-(G2) -> 0.43

Sheet April26
G1: Imprest Balance | I1: Payment Released By PF FInance
A2: S.no | B2: Date | C2: Particulars | D2: Approved By | E2: Total Spent | F2: Status | G2: =March26!G2-E29+K29 -> 3027.64 | I2: S. No. | J2: Date | K2: Amount Received
A3: Petty Cash Statement | I3: 1 | J3: 46119 | K3: 7892
A4: 1 | B4: 46113 | C4: Advance Paid to Arun Kumar | D4: Dinesh Bisht | E4: -500 | F4: PAID | I4: 2 | J4: 46127 | K4: 5928
A5: 2 | B5: 46112 | C5: Team Dinner on 31/03/2026 | D5: Dinesh Bisht | E5: 2402.61 | F5: PAID | I5: 3 | J5: 46135 | K5: 1535
A6: 3 | B6: 46113 | C6: Team Breakfast on 01/04/2026 | D6: Dinesh Bisht | E6: 1470.25 | F6: PAID
A7: 4 | B7: 46113 | C7: Office Items Purchases | D7: Dinesh Bisht | E7: 3519 | F7: PAID
A8: 5 | B8: 46113 | C8: 1 Voucher - Arun Kumar (18/03/26) | D8: Dinesh Bisht | E8: 188 | F8: PAID
A9: 6 | B9: 46113 | C9: 1 Voucher - Arun Kumar (01/04/26) | D9: Dinesh Bisht | E9: 187 | F9: PAID
A10: 7 | B10: 46114 | C10: 1 Voucher - Arun Kumar (02/04/26) | D10: Dinesh Bisht | E10: 178 | F10: PAID
A11: 8 | B11: 46119 | C11: 1 Voucher - Dinesh Singh Bisht (31/03/26) | D11: Dinesh Bisht | E11: 560 | F11: PAID
A12: 9 | B12: 46119 | C12: 1 Voucher - Dinesh Singh Bisht (20/03/26) | D12: Dinesh Bisht | E12: 420 | F12: PAID
A13: 10 | B13: 46120 | C13: 1 Voucher - Om Prakash (31/03/26) | D13: Dinesh Bisht | E13: 560 | F13: PAID
A14: 11 | B14: 46123 | C14: Bike Parking Reimbursement of March - Bharat Singh | D14: Dinesh Bisht | E14: 295 | F14: PAID
A15: 12 | B15: 46123 | C15: Car Parking Reimbursement of March - Chandra Mohan | D15: Dinesh Bisht | E15: 1180 | F15: PAID
A16: 13 | B16: 46123 | C16: Car Parking Reimbursement of March - Dinesh Singh Bisht | D16: Dinesh Bisht | E16: 1180 | F16: PAID
A17: 14 | B17: 46123 | C17: Car Parking Reimbursement of March - Om Prakash | D17: Dinesh Bisht | E17: 1180 | F17: PAID
... A27: 24 | B27: 46136 | C27: Office Items Purchases | D27: Dinesh Bisht | E27: 537 | F27: PAID
C29: Total | E29: =SUM(E4:E28) -> 17326.93 | J29: Total | K29: =SUM(K3:K16) -> 15355
C30: Balance Left Settled with Previous Balance
I31: Payment Vs Expense | K31: =E29-K29 -> 1971.93
I32: Finance to Pay for Imprest | K32: =5000-(G2) -> 1972.36

Sheet May26
G1: Imprest Balance | I1: Payment Released By PF FInance
A2: S.no | B2: Date | C2: Particulars | D2: Approved By | E2: Total Spent | F2: Status | G2: =April26!G2-E29+K29 -> -3666.36 | I2: S. No. | J2: Date | K2: Amount Received
A3: Petty Cash Statement | I3: 1 | J3: 46146 | K3: 7280
A4: 1 | B4: 46141 | C4: Office Items Purchases | D4: Dinesh Bisht | E4: 4807 | F4: PAID | I4: 2
A5: 2 | B5: 46142 | C5: Advance Paid to Arun Kumar | D5: Dinesh Bisht | E5: 500 | F5: PAID
A6: 3 | B6: 46143 | C6: 1 Voucher - Arun Kumar (01/05/26) | D6: Dinesh Bisht | E6: -198 | F6: PAID
A7: 4 | B7: 46157 | C7: Bike Parking Reimbursement of May - Bharat Singh | D7: Dinesh Bisht | E7: 295 | F7: PAID
A8: 5 | B8: 46157 | C8: Bike Parking Reimbursement of May - Akash Malhotra | D8: Dinesh Bisht | E8: 295 | F8: PAID
A9: 6 | B9: 46157 | C9: Car Parking Reimbursement of May - Chandra Mohan | D9: Dinesh Bisht | E9: 1180 | F9: PAID
A10: 7 | B10: 46157 | C10: Car Parking Reimbursement of May - Dinesh Singh Bisht | D10: Dinesh Bisht | E10: 1180 | F10: PAID
A11: 8 | B11: 46157 | C11: Car Parking Reimbursement of May - Om Prakash | D11: Dinesh Bisht | E11: 1180 | F11: PAID
A12: 9 | B12: 46157 | C12: 1 Voucher - Arun Kumar (14/05/26) | D12: Dinesh Bisht | E12: -80 | F12: PAID
A13: 10 | B13: 46157 | C13: 1 Voucher - Arun Kumar (15/05/26) | D13: Dinesh Bisht | E13: -198 | F13: PAID
A14: 11 | B14: 46171 | C14: Office Items Purchases | D14: Dinesh Bisht | E14: 5013 | F14: PAID
C29: Total | E29: =SUM(E4:E28) -> 13974 | J29: Total | K29: =SUM(K3:K16) -> 7280
C30: Balance Left Settled with Previous Balance
I31: Payment Vs Expense | K31: =E29-K29 -> 6694
I32: Finance to Pay for Imprest | K32: =5000-(G2) -> 8666.36

Sheet June26
G1: Imprest Balance | I1: Payment Released By PF FInance
A2: S.no | B2: Date | C2: Particulars | D2: Approved By | E2: Total Spent | F2: Status | G2: ='May26'!G2-E29+K29 -> 324.87 | I2: S. No. | J2: Date | K2: Amount Received
A3: Petty Cash Statement | I3: 1 | J3: 46174 | K3: 8666
A4: 1 | B4: 46174 | C4: 1 Voucher - Arun Kumar (30/05/26) | D4: Dinesh Bisht | E4: -274 | F4: PAID | I4: 2 | J4: 46181 | K4: 1135
A5: 2 | B5: 46174 | C5: 1 Voucher - Arun Kumar (01/06/26) | D5: Dinesh Bisht | E5: -80 | F5: PAID | I5: 3 | J5: 46196 | K5: 10755
A6: 3 | B6: 46174 | C6: Office Items Purchases | D6: Dinesh Bisht | E6: 898.44 | F6: PAID
A7: 4 | B7: 46178 | C7: Bike Parking Reimbursement of June - Shashank Singh | D7: Dinesh Bisht | E7: 295 | F7: PAID
A8: 5 | B8: 46178 | C8: Bike Parking Reimbursement of June - Pravin Kumar | D8: Dinesh Bisht | E8: 295 | F8: PAID
A9: 6 | B9: 46184 | C9: Car Parking Reimbursement of June- Chandra Mohan | D9: Dinesh Bisht | E9: 1180 | F9: PAID
A10: 7 | B10: 46184 | C10: Car Parking Reimbursement of June - Dinesh Singh Bisht | D10: Dinesh Bisht | E10: 1180 | F10: PAID
A11: 8 | B11: 46184 | C11: Car Parking Reimbursement of June- Om Prakash | D11: Dinesh Bisht | E11: 1180 | F11: PAID
A12: 9 | B12: 46185 | C12: 1 Voucher - Arun Kumar (12/06/26) | D12: Dinesh Bisht | E12: 80 | F12: PAID
A13: 10 | B13: 46185 | C13: Plumber Payment | D13: Dinesh Bisht | E13: 2500 | F13: PAID
A14: 11 | B14: 46190 | C14: Voucher - RajniKant Singh - Hilton Bangalore (To and From) | D14: Chandra Mohan | E14: 2044 | F14: PAID
A15: 12 | B15: 46190 | C15: Cake Arrangement - Akash - Birthday Celeberation (Date: 10th June) | D15: Dinesh Bisht | E15: 698 | F15: PAID
A16: 13 | B16: 46190 | C16: Cake Arrangement - Swarn - Birthday Celeberation (Date: 16th Feb) - Ordered on 13th May | D16: Dinesh Bisht | E16: 724 | F16: PAID
A17: 14 | B17: 46190 | C17: Office Items Purchases | D17: Dinesh Bisht | E17: 364 | F17: PAID
... A26: 23 | B26: 46203 | C26: Late night working for Lemon Tree - Food | D26: Chandra Mohan | E26: 844 | F26: PAID
C29: Total | E29: =SUM(E4:E28) -> 16564.77 | J29: Total | K29: =SUM(K3:K16) -> 20556
C30: Balance Left Settled with Previous Balance
I31: Payment Vs Expense | K31: =E29-K29 -> -3991.23
I32: Finance to Pay for Imprest | K32: =5000-(G2) -> 4675.13

Sheet July26
G1: Imprest Balance | I1: Payment Released By PF FInance
A2: S.no | B2: Date | C2: Particulars | D2: Approved By | E2: Total Spent | F2: Status | G2: =June26!G2-E28+K28 -> 315.87 | I2: S. No. | J2: Date | K2: Amount Received
A3: Petty Cash Statement | I3: 1 | J3: 46217 | K3: 11010
A4: 1 | B4: 46204 | C4: Distribution of Sweets on the occation of PFIPL Day | D4: Chandra Mohan | E4: 500 | F4: PAID | I4: 2 | J4: 46231 | K4: 7638
A5: 2 | B5: 46206 | C5: Bike Parking Reimbursement of July - Pravin Kumar | D5: Dinesh Bisht | E5: 295 | F5: PAID | I5: 3
A6: 3 | B6: 46212 | C6: Office Items Purchases | D6: Dinesh Bisht | E6: 5540 | F6: PAID
A7: 4 | B7: 46216 | C7: Car Parking Reimbursement of July- Chandra Mohan | D7: Dinesh Bisht | E7: 1180 | F7: PAID
A8: 5 | B8: 46216 | C8: Car Parking Reimbursement of July - Dinesh Singh Bisht | D8: Dinesh Bisht | E8: 1180 | F8: PAID
A9: 6 | B9: 46216 | C9: 2 - Vouchers - Rajeev Kumar (Crowner Plaza, Rohini & Expo In, Noida) | D9: Dinesh Bisht | E9: 1920 | F9: PAID
A10: 7 | B10: 46217 | C10: 2- Vouchers - Arun Kumar (Inter Office Travel & Travel To Banks) | D10: Dinesh Bisht | E10: 300 | F10: PAID
A11: 8 | B11: 46218 | C11: Bike Parking Reimbursement of July - Bharat Singh | D11: Dinesh Bisht | E11: 295 | F11: PAID
A12: 9 | B12: 46218 | C12: Bike Parking Reimbursement of July - Shashank Singh | D12: Dinesh Bisht | E12: 295 | F12: PAID
A13: 10 | B13: 46218 | C13: 1 Voucher - Arun Kumar (14/07/26) | D13: Dinesh Bisht | E13: 80 | F13: PAID
A14: 11 | B14: 46218 | C14: 1 Voucher - Arun Kumar (15/07/26) | D14: Dinesh Bisht | E14: 188 | F14: PAID
A15: 12 | B15: 46225 | C15: 1 Voucher - Birendra Singh Negi (22/07/26) | D15: Dinesh Bisht | E15: 2200 | F15: PAID
A16: 13 | B16: 46233 | C16: Office Items Purchases | D16: Dinesh Bisht | E16: 3504 | F16: PAID
A17: 14 | B17: 46233 | C17: Car Parking Reimbursement of July- Om Prakash | D17: Dinesh Bisht | E17: 1180 | F17: PAID
C28: Total | E28: =SUM(E4:E27) -> 18657 | J28: Total | K28: =SUM(K3:K15) -> 18648
C29: Balance Left Settled with Previous Balance
I30: Payment Vs Expense | K30: =E28-K28 -> 9
I31: Finance to Pay for Imprest | K31: =5000-(G2) -> 4684.13
